 Dungeon Crawl Stone Soup version 0.28.0 (webtiles) character file.

Game seed: 9271999792784577250

275 snilloc10 the Magician (level 6, -4/32 HPs)
             Began as a Deep Elf Fire Elementalist on Feb 18, 2022.
             Slain by an orc wizard (7 damage)
             ... on level 4 of the Dungeon.
             The game lasted 00:25:36 (4246 turns).

snilloc10 the Magician (Deep Elf Fire Elementalist) Turns: 4246, Time: 00:25:37

Health: -4/32      AC:  4    Str:  5    XL:     6   Next: 3%
Magic:  15/15      EV: 14    Int: 20    God:
Gold:   125        SH:  0    Dex: 17    Spells: 11/14 levels left

rFire   . . .      SeeInvis .   l - +3 dagger (venom)
rCold   . . .      Faith    .   (no shield)
rNeg    . . .      Spirit   .   a - +2 robe
rPois   .          Reflect  .   (no helmet)
rElec   .          Harm     .   (no cloak)
rCorr   .          Rampage  .   (no gloves)
Will    .....                   (no boots)
Stlth   ++........              o - amulet of magic regeneration
HPRegen 0.10/turn               m - ring of wizardry
MPRegen 0.54/turn               (no ring)

@: flying
A: no striking features
a: no special abilities


You were on level 4 of the Dungeon.
You visited 1 branch of the dungeon, and saw 5 of its levels.

You collected 170 gold pieces.
You spent 45 gold pieces at shops.

Inventory:

Hand Weapons
 e - a +0 spear
 l - a +3 dagger of venom (weapon)
Armour
 a - a +2 robe (worn)
Jewellery
 f - an amulet of reflection
 m - a ring of wizardry (left hand)
 o - an amulet of magic regeneration (around neck)
Wands
 p - a wand of flame (15)
Scrolls
 j - a scroll of enchant armour
 n - a scroll of identify
Potions
 b - a potion of haste {unknown}
 c - 2 potions of flight
 d - a potion of heal wounds {unknown}
 g - a potion of brilliance {unknown}
 h - a potion of invisibility {unknown}
 i - a potion of lignification {unknown}
 k - a potion of curing {unknown}


   Skills:
 + Level 4.5 Dodging
 - Level 2.6 Stealth
 + Level 4.6 Spellcasting
 * Level 3.3 Conjurations
 * Level 4.5 Fire Magic


You had 11 spell levels left.
You knew the following spells:

 Your Spells              Type           Power      Damage    Failure   Level
a - Foxfire               Conj/Fire      80%        2x1d8     1%          1
b - Scorch                Fire           44%        2d7       1%          2

Your spell library contained the following spells:

 Spells                   Type           Power      Damage    Failure   Level
 Conjure Flame            Conj/Fire      20%        6-21      2%          3
 Inner Flame              Hex/Fire       13%        N/A       6%          3
 Corpse Rot               Necr/Air       8%         N/A       8%          2
 Ensorcelled Hibernation  Hex/Ice        8%         N/A       8%          2
 Poisonous Vapours        Pois/Air       8%         N/A       8%          2
 Ignite Poison            Fire/Tmut/Pois 10%        N/A       8%          3
 Flame Wave               Conj/Fire      20%        2d7       10%         4
 Sticky Flame             Conj/Fire      20%        2d4       10%         4
 Spider Form              Tmut/Pois      4%         N/A       14%         3
 Anguish                  Hex/Necr       2%         N/A       41%         4


Dungeon Overview and Level Annotations

Branches:
Dungeon (5/15)
 Temple: D:4-7

Altars:

Shops:
D:2 *

Annotations:
D:2 Robin


Message History

Casting: Foxfire (safe; 1% risk of failure)
Confirm with . or Enter, or press ? or * to list all spells.
You can't see any susceptible monsters within range! (Use Z to cast anyway.)
Casting: Foxfire (safe; 1% risk of failure)
Confirm with . or Enter, or press ? or * to list all spells.
You don't know that spell.
Casting: Foxfire (safe; 1% risk of failure)
Confirm with . or Enter, or press ? or * to list all spells.
You can't see any susceptible monsters within range! (Use Z to cast anyway.)
Casting: Foxfire (safe; 1% risk of failure)
Confirm with . or Enter, or press ? or * to list all spells.
You don't know that spell.
The foxfire hits something. x2
A magic dart appears from out of thin air!
The magic dart hits you.
Casting: Foxfire (safe; 1% risk of failure)
Confirm with . or Enter, or press ? or * to list all spells.
You can't see any susceptible monsters within range! (Use Z to cast anyway.)
Something hits you.
You hit something. Your punch misses something. Something hits you.
You closely miss something. Something hits you.
You barely miss something. Something hits you.
Aiming: Throw Flame
Press: ? - help, Q - select action, (/) - cycle Shift-Dir - straight line The puff of flame hits something.
Something hits you.
You feel very buoyant.
You fly up into the air.
Something hits you. Something hits you but does no damage.
You see here a dart slug corpse.
Something hits you.
* * * LOW HITPOINT WARNING * * *
There is a stone staircase leading up here.
Something hits you.
* * * LOW HITPOINT WARNING * * *
You fly upwards.
Reactivating autopickup.
There is a stone staircase leading down here.
Something hits you!
You die...

####..............##.............
#...#......##+###........#####
####...#......##+###...####.#
....####...............# #.#
....# #...............# #.# ....#
#######.........####'##
....############.............#
....'...........>...##.......#
....##.#.....#..@.####.......#
....##.#.....#.......######'##
....##.#....................#
....##.#....................#
....##.###.......####.......#
....##.###.......####.......#
...###...#..........#.......#
.....#..............#.......#
.....#..............####'####


There were no monsters in sight!

Vanquished Creatures
  A jelly (D:5)
  An orc priest (D:4)
  A centaur skeleton (D:4)
  An orc wizard (D:5)
  An iguana (D:4)
  A hound skeleton (D:4)
  2 adders (D:3)
  6 worms
  3 dart slugs
  3 orcs (D:5)
  8 endoplasms
  2 giant cockroaches
  19 goblins
  2 hobgoblins
  7 kobolds
  2 quokkas
  8 ball pythons
  4 bats
  3 frilled lizards
  2 rats
77 creatures vanquished.

Vanquished Creatures (others)
  202 foxfires
202 creatures vanquished.

Grand Total: 279 creatures vanquished

Notes
Turn   | Place    | Note
-------+----------+-------------------------------------------
     0 | D:1      | snilloc10 the Deep Elf Fire Elementalist began the quest
                  | for the Orb.
     0 | D:1      | Reached XP level 1. HP: 10/10 MP: 6/6
   160 | D:1      | Reached XP level 2. HP: 15/15 MP: 6/8
   163 | D:1      | Learned a level 2 spell: Scorch
  1278 | D:2      | Reached XP level 3. HP: 19/19 MP: 6/10
  1457 | D:2      | Found Patyromn's General Store.
  1665 | D:2      | Bought a scroll of magic mapping for 45 gold pieces
  2078 | D:2      | Noticed Robin
  2523 | D:3      | Reached XP level 4. HP: 24/24 MP: 7/12
  2763 | D:3      | Noticed an eye of devastation
  2768 | D:3      | Found a faded altar of an unknown god.
  2772 | D:3      | Noticed a floating eye
  2773 | D:3      | Noticed a floating eye
  2773 | D:3      | Noticed an eye of devastation
  3712 | D:4      | Reached XP level 5. HP: 28/28 MP: 9/13
  4191 | D:5      | Entered Level 5 of the Dungeon
  4229 | D:5      | Reached XP level 6. HP: 30/32 MP: 11/15
  4246 | D:4      | Slain by an orc wizard

Illustrated notes

Levels and vault maps discovered:
D:1:      minmay_arrival_checkered_box, layout_basic, st_stairs_4,
          minmay_misc_feat_more_columns
D:2:      layout_basic, serial_shops, shop, chequers_arboretum, uniq_robin
D:3:      layout_loops_ring, hellmonk_ecumenical_altar_watching_god
D:4:      layout_basic
D:5:      layout_rooms

Skill      XL: |  1  2  3  4  5 |
---------------+----------------+-----
Dodging        | 3 4 |  4.5
Spellcasting   | 4 |  4.6
Conjurations   | 2 3 |  3.3
Fire Magic     | 4 |  4.5
Stealth        | |  2.6

Action                   |  1- 3 |  4- 6 || total
-------------------------+-------+-------++-------
Melee: Spear             |    44 |       ||    44
       Punch             |     1 |     1 ||     2
       Dagger            |       |    24 ||    24
 Cast: Foxfire           |    47 |    68 ||   115
       Scorch            |    12 |    11 ||    23
Evoke: Wand              |       |     3 ||     3
  Use: Scroll            |     6 |     4 ||    10
       Potion            |       |     1 ||     1
 Stab: Sleeping          |     2 |     1 ||     3
Armor: Robe              |     6 |     4 ||    10
Dodge: Dodged            |    41 |    18 ||    59
